 Dungeon Crawl Stone Soup version 0.21-a0-356-g45b0a09 (webtiles) character file.

165695 zero the Severer (level 17, -5/156 HPs)
             Began as a Gargoyle Berserker on Oct 11, 2017.
             Was the Champion of Trog.
             Slain by Asterion
             ... wielding a +2 demon trident of venom
              (19 damage)
             ... on level 1 of the Spider Nest on Oct 12, 2017.
             The game lasted 00:48:40 (25653 turns).

zero the Severer (Gargoyle Berserker)              Turns: 25653, Time: 00:48:40

Health: -5/156     AC: 38    Str: 36      XL:     17   Next: 58%
Magic:  17/17      EV: 10    Int: 11 (12) God:    Trog [******]
Gold:   2135       SH:  0    Dex: 14 (15) Spells: 16/16 levels left

rFire    . . .     SeeInvis .   C - +4 battleaxe (vamp)
rCold    + + .     Gourm    .   (shield currently unavailable)
rNeg     + + +     Faith    .   m - +2 plate armour
rPois    ∞         Spirit   .   j - +2 helmet
rElec    +         Reflect  .   q - +1 cloak of Midnight {rC+ rN+ Str+2 Dex+4}
rCorr    .         Harm     .   (no gloves)
MR       +....     Rnd*Tele +   d - +2 pair of boots
Stlth    ..........             r - amulet of regeneration
HPRegen  0.76/turn              b - +3 ring of strength
MPRegen  0.15/turn              l - ring "Curu" {rElec rC+ rN+}

@: berserking, corroded, flying, very quick
A: big wings, talons 1, agile 1, clever 1, deterioration 1, frail 1, negative
energy resistance 1, electricity resistance, teleportitis 1, unbreathing,
petrification resistance, rot immunity, AC +12
}: 1/15 runes: decaying
a: Stop Flying, Berserk, Trog's Hand, Brothers in Arms, Burn Spellbooks,
Renounce Religion


You were on level 1 of the Spider Nest.
You worshipped Trog.
Trog was exalted by your worship.
You were near starving.

You visited 5 branches of the dungeon, and saw 28 of its levels.
You visited the Abyss 1 time.
You also visited: Labyrinth.

You collected 2714 gold pieces.
You spent 579 gold pieces at shops.

Inventory:

Hand Weapons
 C - a +4 vampiric battleaxe (weapon)
 Q - a +4 executioner's axe of electrocution
 X - a +1 broad axe of freezing
Armour
 d - a +2 pair of boots (worn)
 j - a +2 helmet (worn)
 m - a +2 plate armour (worn)
 q - the +1 cloak of Midnight (worn) {rC+ rN+ Str+2 Dex+4}
   (You found it on level 6 of the Dungeon)

   It affects your strength (+2).
   It affects your dexterity (+4).
   It protects you from cold.
   It protects you from negative energy.
 D - the +1 chain mail of the Untouchables {-Tele rCorr Dex+6 Stlth+}
   (You found it in a labyrinth)

   It affects your dexterity (+6).
   It prevents most forms of teleportation.
   It protects you from acid and corrosion.
   It makes you more stealthy.
 Y - the +2 shield of Resistance {rF+ rC+ MR+}
   (You found it on level 10 of the Dungeon)

   It protects you from fire.
   It protects you from cold.
   It affects your resistance to hostile enchantments.
Jewellery
 b - a +3 ring of strength (left hand)
 g - an uncursed ring of see invisible
 l - the ring "Curu" (right hand) {rElec rC+ rN+}
   (You bought it in a shop on level 14 of the Dungeon)

   [ring of protection from cold]

   It protects you from cold.
   It insulates you from electricity.
   It protects you from negative energy.
 r - an amulet of regeneration (around neck)
 I - an uncursed ring of protection from magic
 M - an uncursed amulet of guardian spirit
Wands
 h - a wand of iceblast (14/15)
 y - a wand of iceblast (8/15)
 E - a wand of enslavement (13/24)
 K - a wand of scattershot (3/9)
 L - a wand of flame (14/48)
 W - a wand of acid (10/15)
Scrolls
 e - a scroll of holy word
 f - 6 scrolls of magic mapping
 i - a scroll of identify
 t - 7 scrolls of remove curse
 w - 14 scrolls of teleportation
 B - 3 scrolls of recharging
 O - a scroll of silence
 R - 4 scrolls of blinking
 T - a scroll of fear
 V - 2 scrolls of fog
Potions
 k - 2 potions of cancellation
 n - 4 potions of brilliance
 o - 7 potions of curing
 p - 6 potions of might
 v - 3 potions of haste
 x - a potion of agility
 z - 2 potions of heal wounds
 A - 2 potions of magic
 H - 4 potions of resistance
 J - 4 potions of berserk rage
 N - 5 potions of invisibility
Comestibles
 a - 11 meat rations
 c - 15 bread rations


   Skills:
 + Level 16.7 Fighting
 * Level 19.2 Axes
 + Level 16.5 Armour
 - Level 1.5 Dodging


You had 16 spell levels left.
You didn't know any spells.

Dungeon Overview and Level Annotations

Branches:
Dungeon (15/15)            Temple (0/1) D:6            Lair (6/6) D:10
  Swamp (4/4) Lair:4       Spider (1/4) Lair:3        Slime (0/5) Lair:5
    Orc (2/2) D:11            Elf (0/3) Orc:2        Vaults (0/5) D:14
 Depths (0/5) D:15

Altars:
Ashenzari
Fedhas
Kikubaaqudgha
Makhleb
Ru
Vehumet
Wu Jian
Xom
Yredelemnul
The Shining One
Beogh

Shops:
D:11 [(   D:14 =   D:15 *   Orc:2 !!}

Annotations:
Spider:1 Asterion


Innate Abilities, Weirdness & Mutations

You are resistant to torment.
Your stone body is resilient. (AC +12)
You are immune to poison.
Your large and strong wings let you fly indefinitely.
You resist negative energy. (rN+)
You are resistant to electric shocks. (rElec)
You can survive without breathing.
You are immune to petrification.
You are immune to rotting.
You have sharp toenails.
You are agile. (Dex +2)
Your mind is acute. (Int +2)
Your body sometimes deteriorates upon taking damage.
You are frail. (-10% HP)
You are occasionally teleported next to monsters.


Message History

There are monsters nearby!
You are too injured to fight recklessly!
There are monsters nearby!
You are too injured to fight recklessly!
There are monsters nearby!
You are too injured to fight recklessly!
There are monsters nearby!
You are too injured to fight recklessly!
There are monsters nearby!
A red film seems to cover your vision as you go berserk!
You feel yourself moving faster!
You feel mighty!
You are near starving!
The redback bites you but does no damage.
The jumping spider pounces on you.
The jumping spider bites you but does no damage.
The balrug gestures at you. The bolt of fire hits you!
* * * LOW HITPOINT WARNING * * *
Asterion hits you from afar with a demon trident of venom!!
You die...

###.........#..
#.^............
###.............
................
.....s.....s....
..........^.....
..........Hs§...
........@2s.^...
........ss....s.
.......†/†......
.....a..........
................
................
................
................
.................


You could see Asterion, a balrug, an entropy weaver, a demonic crawler, a wolf
spider, 2 orb spiders, a jumping spider, a tarantella and a redback.

Vanquished Creatures
  Jorgrun (Swamp:2)
  2 thorn hunters
  A very ugly thing (Swamp:1)
  An eidolon (Abyss:2)
  A minotaur (Lab)
  Harold (Orc:1)
  Erolcha (Orc:2)
  A vault guard (D:14)
  7 centaur warriors
  24 hydras
  2 catoblepae
  7 two-headed ogres
  5 alligators
  Erica (D:8)
  3 tengu warriors
  3 death yaks (Lair:6)
  A thrashing horror (Abyss:2)
  2 spriggans (Swamp:3)
  Nergalle (Orc:2)
  A wretched star (Abyss:2)
  A shock serpent (shapeshifter) (D:15)
  A spriggan druid (Swamp:1)
  2 sea snakes (Lair:6)
  A glowing orange brain (D:15)
  A fire crab (shapeshifter) (D:14)
  A spatial maelstrom (Abyss:2)
  2 unseen horrors (D:11)
  6 swamp dragons
  The ghost of seren the Slicer, a novice HaFi (D:6)
  Pikel (D:5)
  5 shambling mangroves
  A wizard (D:14)
  12 ugly things
  A manticore (shapeshifter) (D:15)
  4 wolf spiders (Spider:1)
  6 manticores
  15 elephants
  3 deep elf magi
  2 oklob plants (Lair:2)
  8 orc sorcerers (Orc:2)
  5 cyclopes
  3 starcursed masses (Abyss:2)
  5 black mambas
  A salamander (shapeshifter) (D:12)
  2 centaur zombies
  2 gargoyles
  A smoke demon (Abyss:2)
  A yaktaur (shapeshifter) (D:15)
  16 spiny frogs
  5 large abominations (Abyss:2)
  2 freezing wraiths
  4 yaktaurs (D:14)
  2 kobold demonologists (D:12)
  9 komodo dragons
  An efreet (D:15)
  An ice devil (Abyss:2)
  4 ancient zymes (Abyss:2)
  A troll (shapeshifter) (D:15)
  6 trolls
  A tengu conjurer (D:15)
  A wind drake (Lair:6)
  15 hornets
  9 jumping spiders
  4 polar bears
  5 tyrant leeches
  12 blink frogs
  A harpy skeleton (D:15)
  A meliai (shapeshifter) (D:15)
  8 bog bodies
  9 hippogriffs
  24 slime creatures
  A centaur simulacrum (D:15)
  2 tarantellas (Spider:1)
  10 redbacks
  2 ynoxinuls (Abyss:2)
  An ettin skeleton (Abyss:2)
  2 vampires
  5 shadows
  8 wyverns
  54 yaks
  2 wraiths
  A hog (shapeshifter) (D:14)
  2 hungry ghosts
  4 basilisks
  21 humans (D:14)
  A neqoxec (Abyss:2)
  A steam dragon (D:11)
  6 vampire mosquitoes (Swamp:3)
  16 swamp worms
  2 wargs (Orc:2)
  Menkaure (D:7)
  A soldier ant (D:14)
  12 swamp drakes
  10 water moccasins
  2 sky beasts
  11 porcupines
  19 orc warriors
  3 ice beasts
  A black bear (Lair:3)
  2 eyes of draining
  3 necrophages
  2 phantoms
  12 ogres
  21 centaurs
  9 crocodiles
  2 big kobolds
  17 bullfrogs
  2 small abominations
  A gnoll sergeant (D:7)
  4 wyvern skeletons
  6 scorpions
  The ghost of p0werm0de the Digger, a weakling GnEE (D:4)
  3 howler monkeys
  An electric eel (Lair:4)
  6 crimson imps
  4 hounds
  A quasit (Abyss:2)
  A bullfrog zombie (D:12)
  14 jellies
  6 orc priests
  6 centaur skeletons
  4 bullfrog skeletons
  39 orc wizards
  Jessica (D:3)
  A gnoll shaman (D:7)
  3 iguanas
  7 worker ants
  Terence (D:2)
  2 hound zombies
  A hound skeleton (D:4)
  A worker ant zombie (D:6)
  7 gnolls (D:7)
  10 adders
  5 shadow imps
  16 oozes
  An adder skeleton (D:5)
  4 worms
  10 leopard geckos
  81 orcs
  2 bats
  4 giant cockroaches
  4 goblins
  7 hobgoblins
  15 jackals
  6 quokkas
  3 ball pythons
  4 frilled lizards
  A jackal skeleton (D:6)
  17 kobolds
  A leopard gecko skeleton (D:4)
  7 rats
  4 briar patches (Swamp:4)
  3 fungi
  6 plants
904 creatures vanquished.

Vanquished Creatures (collateral kills)
  2 fire dragons (D:10)
  2 ice dragons (D:10)
  A merfolk avatar (Lair:6)
  An ugly thing (D:11)
  An elephant (Lair:6)
  A polar bear (Lair:6)
  A troll (D:11)
  A water moccasin (Lair:6)
  A centaur skeleton (D:11)
11 creatures vanquished.

Vanquished Creatures (others)
  A wolf spider (Spider:1)
  A slave (D:5)
  A bullfrog zombie (D:5)
  A jelly (D:5)
  A bullfrog skeleton (D:5)
  2 orc wizards (Orc:2)
  A worker ant (D:5)
  A shadow imp (D:15)
  A leopard gecko (D:5)
  An orc (D:5)
  2 jackals (D:5)
  A leopard gecko skeleton (D:5)
  3 briar patches (Swamp:4)
  16 fungi
  8 plants (Lair:6)
41 creatures vanquished.

Grand Total: 956 creatures vanquished

Notes
Turn   | Place    | Note
-------+----------+-------------------------------------------
     0 | D:1      | zero the Gargoyle Berserker began the quest for the Orb.
     0 | D:1      | Reached XP level 1. HP: 14/14 MP: 1/1
   119 | D:1      | Reached XP level 2. HP: 13/19 MP: 2/2
   138 | D:1      | Reached skill level 3 in Axes
   691 | D:2      | Found an ornate altar of the Wu Jian Council.
   769 | D:2      | Reached XP level 3. HP: 24/24 MP: 3/3
   811 | D:2      | Reached ** piety under Trog
   819 | D:2      | Reached XP level 4. HP: 23/29 MP: 4/4
  1002 | D:2      | Noticed Terence
  1008 | D:2      | Killed Terence
  1023 | D:2      | Found a sacrificial altar of Ru.
  1377 | D:2      | Found an ancient bone altar of Kikubaaqudgha.
  1438 | D:2      | Reached skill level 4 in Axes
  1438 | D:2      | Reached XP level 5. HP: 33/33 MP: 5/5
  1515 | D:3      | Found a radiant altar of Vehumet.
  1518 | D:3      | Found a shimmering altar of Xom.
  1537 | D:3      | Noticed Jessica
  1539 | D:3      | Killed Jessica
  1541 | D:3      | Found a blossoming altar of Fedhas.
  1707 | D:3      | Found a burning altar of Makhleb.
  1976 | D:3      | Found a sacrificial altar of Ru.
  2488 | D:4      | Noticed an orc warrior
  2498 | D:4      | Reached *** piety under Trog
  2504 | D:4      | Killed an orc warrior
  2504 | D:4      | Reached XP level 6. HP: 14/39 MP: 6/6
  2671 | D:4      | Noticed p0werm0de's ghost (weakling GnEE)
  2684 | D:4      | Killed p0werm0de's ghost
  2684 | D:4      | Reached skill level 5 in Axes
  3139 | D:4      | Reached skill level 5 in Fighting
  3156 | D:4      | Reached XP level 7. HP: 43/44 MP: 7/7
  3222 | D:5      | Entered Level 5 of the Dungeon
  3223 | D:5      | Noticed Pikel
  3240 | D:5      | Killed Pikel
  3240 | D:5      | Reached skill level 6 in Axes
  3240 | D:5      | Reached skill level 5 in Armour
  3240 | D:5      | Reached XP level 8. HP: 51/51 MP: 8/8
  3693 | D:5      | Received a gift from Trog
  3959 | D:6      | Reached skill level 7 in Axes
  4142 | D:6      | Reached XP level 9. HP: 56/56 MP: 9/9
  4378 | D:6      | Got a scorched cloak
  4394 | D:6      | Identified the +1 cloak of Midnight {rC+ rN+ Str+2 Dex+4} (You found it on level 6 of the Dungeon)
  4395 | D:6      | Found a staircase to the Ecumenical Temple.
  4454 | D:6      | Noticed seren's ghost (novice HaFi)
  4467 | D:6      | Killed seren's ghost
  4467 | D:6      | Reached skill level 8 in Axes
  4605 | D:6      | Found a basalt altar of Yredelemnul.
  5127 | D:7      | Reached **** piety under Trog
  5208 | D:7      | Reached skill level 9 in Axes
  5297 | D:7      | Noticed a two-headed ogre
  5307 | D:7      | Killed a two-headed ogre
  5307 | D:7      | Reached XP level 10. HP: 42/65 MP: 10/10
  5428 | D:7      | Noticed Menkaure
  5433 | D:7      | Killed Menkaure
  5483 | D:7      | Reached skill level 10 in Axes
  5623 | D:7      | Found a shattered altar of Ashenzari.
  5638 | D:7      | Reached ***** piety under Trog
  5737 | D:8      | Noticed a two-headed ogre
  5748 | D:8      | Killed a two-headed ogre
  6122 | D:8      | Noticed Erica
  6138 | D:8      | Killed Erica
  6400 | D:8      | Found a glowing golden altar of the Shining One.
  6680 | D:9      | Reached XP level 11. HP: 52/71 MP: 11/11
  6732 | D:9      | Reached skill level 11 in Axes
  7139 | D:9      | Noticed a two-headed ogre
  7146 | D:9      | Killed a two-headed ogre
  7146 | D:9      | Reached skill level 10 in Fighting
  7342 | D:10     | Entered Level 10 of the Dungeon
  7492 | D:10     | Found a staircase to the Lair.
  7521 | D:10     | Found a runed door.
  7540 | D:10     | Noticed a fire dragon
  7540 | D:10     | Noticed a fire dragon
  7541 | D:10     | Found the +2 shield of Resistance {rF+ rC+ MR+}
  7643 | D:10     | Noticed a tengu warrior
  7662 | D:10     | Killed a tengu warrior
  7662 | D:10     | Reached skill level 10 in Armour
  7767 | D:10     | Noticed an ice dragon
  7768 | D:10     | Noticed an ice dragon
  7768 | D:10     | Found a runed door.
  7878 | D:10     | Received a gift from Trog
  8085 | D:10     | Noticed a two-headed ogre
  8094 | D:10     | Killed a two-headed ogre
  8094 | D:10     | Reached skill level 12 in Axes
  8305 | Lair:1   | Entered Level 1 of the Lair of Beasts
  8560 | Lair:1   | Reached XP level 12. HP: 79/79 MP: 12/12
  8747 | D:10     | Killed an ice dragon
  8749 | D:10     | Killed an ice dragon
  8752 | D:10     | Killed a fire dragon
  8754 | D:10     | Killed a fire dragon
  9079 | Lair:2   | Found a labyrinth entrance.
  9088 | Lab      | Entered a labyrinth
  9861 | Lab      | Noticed a minotaur
  9866 | Lab      | Killed a minotaur
  9866 | Lab      | Reached skill level 13 in Axes
  9888 | Lab      | Got a dazzling chain mail
  9925 | Lair:2   | Identified the cursed +1 chain mail of the Untouchables {-Tele rCorr Dex+6 Stlth+} (You found it in a labyrinth)
 10955 | Lair:3   | Found a hole to the Spider Nest.
 10985 | Lair:3   | Reached XP level 13. HP: 67/86 MP: 13/13
 11738 | Lair:3   | Reached skill level 14 in Axes
 12038 | Lair:3   | Received a gift from Trog
 12432 | Lair:4   | Found a staircase to the Swamp.
 13763 | Lair:5   | Found a staircase to the Slime Pits.
 13897 | Lair:6   | Entered Level 6 of the Lair of Beasts
 14077 | Lair:6   | Reached skill level 15 in Axes
 14228 | Lair:6   | Gained mutation: Your large and strong wings let you fly indefinitely. [Gargoyle growth]
 14228 | Lair:6   | Reached XP level 14. HP: 94/94 MP: 14/14
 14390 | Lair:6   | Received a gift from Trog
 14628 | Lair:6   | Gained mutation: Your magical capacity is low. (-10% MP) [potion of mutation]
 14628 | Lair:6   | Gained mutation: Your muscles are strong. (Str +2) [potion of mutation]
 14628 | Lair:6   | Gained mutation: Your mind is acute. (Int +2) [potion of mutation]
 14629 | Lair:6   | Lost mutation: Your magical capacity is low. (-10% MP) [potion of mutation]
 14629 | Lair:6   | Gained mutation: You possess an exceptional clarity of mind. [potion of mutation]
 14629 | Lair:6   | Gained mutation: You are surrounded by a mild repulsion field. (EV +2) [potion of mutation]
 14630 | Lair:6   | Lost mutation: Your muscles are strong. (Str +2) [potion of mutation]
 14630 | Lair:6   | Lost mutation: Your mind is acute. (Int +2) [potion of mutation]
 14630 | Lair:6   | Gained mutation: Armour fits poorly on your strangely shaped body. [potion of mutation]
 14630 | Lair:6   | Lost mutation: You are surrounded by a mild repulsion field. (EV +2) [potion of mutation]
 14630 | Lair:6   | Gained mutation: You have sharp toenails. [potion of mutation]
 15070 | D:11     | Found Onitix's Armour Emporium.
 15082 | D:11     | Found a staircase to the Orcish Mines.
 15098 | D:11     | Found Nieloib's Weapon Emporium.
 15417 | D:11     | Reached skill level 16 in Axes
 16107 | D:12     | Received a gift from Trog
 16295 | D:12     | Gained mutation: Your body sometimes deteriorates upon taking damage. [mutagenic meat]
 16378 | D:12     | Reached XP level 15. HP: 54/100 MP: 15/15
 17122 | Orc:1    | Entered Level 1 of the Orcish Mines
 17122 | Orc:1    | Noticed Harold
 17130 | Orc:1    | Killed Harold
 17202 | Orc:1    | Found a roughly hewn altar of Beogh.
 17487 | Orc:2    | Entered Level 2 of the Orcish Mines
 17487 | Orc:2    | Found a staircase to the Elven Halls.
 17788 | Orc:2    | Found Ewky's Antique Armour Emporium.
 17796 | Orc:2    | Received a gift from Trog
 17883 | Orc:2    | Found an ancient bone altar of Kikubaaqudgha.
 17884 | Orc:2    | Noticed Nergalle
 17897 | Orc:2    | Killed Nergalle
 17900 | Orc:2    | Found Syrchodwe's Gadget Emporium.
 17921 | Orc:2    | Noticed Erolcha
 17933 | Orc:2    | Killed Erolcha
 17941 | Orc:2    | Gained mutation: Scrolls take you a little longer to read. [a neqoxec]
 18018 | Orc:2    | Found a roughly hewn altar of Beogh.
 18044 | Orc:2    | Found Elaraewn's Distillery.
 18167 | Orc:2    | Bought a potion of mutation for 104 gold pieces
 18167 | Orc:2    | Lost mutation: You possess an exceptional clarity of mind. [potion of mutation]
 18167 | Orc:2    | Lost mutation: Armour fits poorly on your strangely shaped body. [potion of mutation]
 18167 | Orc:2    | Lost mutation: Scrolls take you a little longer to read. [potion of mutation]
 18167 | Orc:2    | Gained mutation: You are frail. (-10% HP) [potion of mutation]
 18167 | Orc:2    | Gained mutation: Your mind is acute. (Int +2) [potion of mutation]
 18167 | Orc:2    | Gained mutation: You are agile. (Dex +2) [potion of mutation]
 18186 | Orc:2    | Found a radiant altar of Vehumet.
 18209 | Orc:2    | Found Xegylo's Distillery.
 18696 | Orc:1    | Received a gift from Trog
 19280 | D:13     | Reached skill level 17 in Axes
 19960 | D:14     | Found Zeiheo's Jewellery Shoppe.
 19963 | D:14     | Bought the ring "Curu" {rElec rC+ rN+} for 475 gold pieces
 20157 | D:14     | Received a gift from Trog
 20196 | D:14     | Reached skill level 15 in Fighting
 20256 | D:14     | Cast into level 2 of the Abyss (a wizard)
 20431 | Abyss:2  | Gained mutation: You are occasionally teleported next to monsters. [a neqoxec]
 20462 | Abyss:2  | Found a corrupted altar of Lugonu.
 20482 | Abyss:2  | Paralysed by accursed screaming for 1 turns
 20503 | Abyss:2  | Reached skill level 15 in Armour
 20555 | Abyss:2  | Reached XP level 16. HP: 59/97 MP: 16/16
 20675 | Abyss:2  | Found a corrupted altar of Lugonu.
 20784 | D:14     | Escaped the Abyss
 20835 | D:14     | Found a gate to the Vaults.
 21108 | D:15     | Entered Level 15 of the Dungeon
 21204 | D:15     | Found a staircase to the Depths.
 21293 | D:15     | Received a gift from Trog
 21361 | D:15     | Reached ****** piety under Trog
 21388 | D:15     | Reached skill level 18 in Axes
 21509 | D:15     | Found Naxki's Changing Room.
 21912 | D:15     | Upgraded the game from 0.21-a0-352-g5b8f553 to 0.21-a0-356-g45b0a09
 22145 | Swamp:1  | Entered Level 1 of the Swamp
 22975 | Swamp:2  | Noticed a thorn hunter
 23004 | Swamp:2  | Killed a thorn hunter
 23370 | Swamp:2  | Noticed Jorgrun
 23381 | Swamp:2  | Killed Jorgrun
 24060 | Swamp:3  | Received a gift from Trog
 24082 | Swamp:3  | Reached XP level 17. HP: 103/103 MP: 17/17
 24669 | Swamp:4  | Entered Level 4 of the Swamp
 25051 | Swamp:4  | Reached skill level 19 in Axes
 25158 | Swamp:4  | Received a gift from Trog
 25401 | Swamp:4  | Got a decaying rune of Zot
 25563 | Spider:1 | Entered Level 1 of the Spider Nest
 25637 | Spider:1 | Noticed Asterion
 25653 | Spider:1 | Slain by Asterion

Vault maps used:
D:1:      ncdulo_smallfort, kennysheep_small_spiral
D:2:      lemuel_doored_altar, old_standard_altar, old_standard_altar,
          st_stairs_1, uniq_terence
D:3:      nicolae_overflow_crystal_walls, fedhas_altar_2,
          chequers_temple_overflow_statue_of_worship, nicolae_ru_path_of_blood,
          uniq_jessica
D:5:      first_bread, uniq_pikel
D:6:      yredelemnul_altar_generic, minmay_temple_entry_junction
D:7:      evilmike_ruin_ashenzari, uniq_menkaure
D:8:      lemuel_round_altar, uniq_erica
D:10:     lemuel_slime, lair_entry_dummy, grunt_tengu_nest,
          minmay_guarded_unrand_resistance
D:11:     minmay_the_grid_triangle_9x9_recursive_3_mashed, orc_david_3
D:12:     minmay_radiant
D:14:     grunt_vaults_entry_tiered, minmay_door_square, serial_shops,
          kennysheep_mini
D:15:     gammafunk_enter_depths_forms, nicolae_transmutations_shop
Lair:1:   st_stairs_11, infiniplex_staircase_pool_2
Lair:2:   lab_entry_generic, beast_lair_carwin_7, minmay_lair_oklob_chamber
Lair:3:   nicolae_spider_entry_tight_spaces
Lair:4:   swamp_mist, infiniplex_staircase_pool
Lair:5:   slime_dummy, nicolae_quartered_pool_medium
Lair:6:   gammafunk_lair_ancient_temple
Swamp:1:  evilmike_swamp_ruin_rubble_1
Swamp:2:  evilmike_swamp_ruin_house_3, uniq_jorgrun
Swamp:3:  hangedman_swamp_cone, swamp_pool3
Swamp:4:  swamp_basic_johnstein
Spider:1: uniq_asterion
Orc:1:    enter_volcano_4, nicolae_orc_lost_temple, uniq_harold
Orc:2:    kennysheep_orc_mage_school, nicolae_orc_rockfall
Abyss:2:  evilmike_abyss_exit_12
Lab:      labyrinth_hidden_loot, lab_hedge, nicolae_lab_diamond

Skill      XL: |  1  2  3  4  5  6  7  8  9 10 11 12 13 14 15 16 17 |
---------------+----------------------------------------------------+-----
Axes           | 3 4 5 6 7 9 10 12 13 15 16 17 18 19 | 19.2
Armour         | 3 4 5 6 8 9 10 11 12 14 15 16 | 16.5
Fighting       | 4 5 6 8 9 10 12 13 14 15 16 | 16.7
Dodging        | |  1.5

Action                   |  1- 3 |  4- 6 |  7- 9 | 10-12 | 13-15 | 16-18 || total
-------------------------+-------+-------+-------+-------+-------+-------++-------
Melee: Hand axe          |    85 |    88 |       |       |       |       ||   173
       War axe           |       |   146 |   244 |   134 |       |       ||   524
       Battleaxe         |       |       |       |   239 |   277 |   778 ||  1294
       Broad axe         |       |       |       |   119 |   967 |       ||  1086
Invok: Berserk           |       |     2 |     6 |     8 |     9 |     9 ||    34
       Trog's Hand       |       |       |       |     2 |     5 |     4 ||    11
       Burn Spellbooks   |       |       |       |     3 |     2 |     2 ||     7
       Brothers in Arms  |       |       |       |     2 |     4 |       ||     6
 Abil: Fly               |       |       |       |       |     1 |       ||     1
  Use: Scroll            |       |     9 |     5 |    17 |    11 |    14 ||    56
       Potion            |       |       |       |       |     4 |     3 ||     7
 Stab: Petrified         |       |       |       |       |     3 |       ||     3
       Petrifying        |       |       |       |       |     1 |     1 ||     2
  Eat: Chunk             |       |     8 |     6 |    20 |    30 |     3 ||    67
       Fruit             |       |     1 |     5 |     9 |     9 |       ||    24
       Royal jelly       |       |     1 |       |     1 |     5 |     2 ||     9
       Bread ration      |       |       |       |       |     2 |     4 ||     6
Armor: Animal skin       |     9 |       |       |       |       |       ||     9
       Ring mail         |    21 |    68 |       |       |       |       ||    89
       Plate armour      |       |    81 |   201 |   404 |  1104 |  1237 ||  3027
Dodge: Dodged            |    71 |   126 |    99 |   214 |   393 |   541 ||  1444
Block: Shield            |       |       |       |    73 |   489 |       ||   562

Table legend:
 A = Spawn XP
 B = Non-spawn XP
 C = Spawn XP percentage of total XP
 D = Spawn monster count
 E = Non-spawn monster count
 F = Spawn count percentage of total count
 G = Total turns spent on level
                    A         B        C        D         E        F      G
               +---------+---------+-------+---------+---------+-------+---------
         Total |    3146 |  214990 |   1.4 |       8 |     897 |   0.9 | 25653
               +---------+---------+-------+---------+---------+-------+---------
           D:1 |       0 |      20 |   0.0 |       0 |      13 |   0.0 |   684
           D:2 |       0 |     146 |   0.0 |       0 |      28 |   0.0 |   805
           D:3 |       0 |      80 |   0.0 |       0 |      18 |   0.0 |   745
           D:4 |       0 |     381 |   0.0 |       0 |      20 |   0.0 |   988
           D:5 |       0 |    1056 |   0.0 |       0 |      18 |   0.0 |   728
           D:6 |       0 |    1913 |   0.0 |       0 |      23 |   0.0 |  1164
           D:7 |       0 |    2830 |   0.0 |       0 |      54 |   0.0 |   614
           D:8 |       0 |    2412 |   0.0 |       0 |      14 |   0.0 |   920
           D:9 |       0 |    3212 |   0.0 |       0 |      31 |   0.0 |   694
          D:10 |       0 |    6393 |   0.0 |       0 |      41 |   0.0 |  1124
          D:11 |       0 |   11507 |   0.0 |       0 |      56 |   0.0 |  1114
          D:12 |       0 |    5907 |   0.0 |       0 |      29 |   0.0 |  1056
          D:13 |       0 |   10970 |   0.0 |       0 |      47 |   0.0 |   929
          D:14 |       0 |   13088 |   0.0 |       0 |      50 |   0.0 |   776
          D:15 |       0 |   19006 |   0.0 |       0 |      49 |   0.0 |   854
        Lair:1 |       0 |    3730 |   0.0 |       0 |      18 |   0.0 |   612
        Lair:2 |       0 |    7050 |   0.0 |       0 |      27 |   0.0 |  1166
        Lair:3 |       0 |    4160 |   0.0 |       0 |      18 |   0.0 |  1150
        Lair:4 |       0 |    6511 |   0.0 |       0 |      20 |   0.0 |  1143
        Lair:5 |       0 |    6776 |   0.0 |       0 |      19 |   0.0 |   837
        Lair:6 |       0 |   23527 |   0.0 |       0 |      64 |   0.0 |  1038
       Swamp:1 |       0 |    9227 |   0.0 |       0 |      19 |   0.0 |   743
       Swamp:2 |       0 |   11147 |   0.0 |       0 |      17 |   0.0 |  1096
       Swamp:3 |       0 |   12384 |   0.0 |       0 |      31 |   0.0 |   738
       Swamp:4 |       0 |   23894 |   0.0 |       0 |      45 |   0.0 |   778
      Spider:1 |       0 |    5754 |   0.0 |       0 |      18 |   0.0 |    90
         Orc:1 |       0 |    3240 |   0.0 |       0 |      41 |   0.0 |   669
         Orc:2 |       0 |    9131 |   0.0 |       0 |      47 |   0.0 |  1068
       Abyss:2 |    3146 |    8019 |  28.2 |       8 |      19 |  29.6 |   528
           Lab |       0 |    1519 |   0.0 |       0 |       3 |   0.0 |   802
               +---------+---------+-------+---------+---------+-------+---------
